 Dungeon Crawl Stone Soup version 0.30.1-11-g7821555f0a (webtiles) character file.

Game seed: 16343735607546311077

2338 jagang the Carver (level 9, -2/70 (75) HPs)
             Began as a Barachi Monk on Dec 20, 2023.
             Was an Elder of the Shining One.
             Killed from afar by Maggie (7 damage)
             ... with a bolt of fire
             ... on level 7 of the Dungeon.
             The game lasted 00:17:10 (6054 turns).

jagang the Carver (Barachi Monk)                    Turns: 6054, Time: 00:17:10

HP:   -2/70 (75)    AC:  9    Str: 12    XL:     9   Next: 43%
MP:   10/10         EV: 10    Int: 11    God:    the Shining One [****..]
Gold: 6             SH:  0    Dex: 19    Spells: 8/8 levels left

rFire   . . .        a - +0 falchion
rCold   . . .        d - orb {light}
rNeg    + + .        E - +0 scale mail {rPois}
rPois   +            y - +0 helmet
rElec   .            (no cloak)
rCorr   .            (no gloves)
SInv    .            (no boots)
Will    +....        (no amulet) Stlth
                     r - ring of willpower
HPRegen 0.31/turn    (no ring)
MPRegen 0.12/turn

%: no passive effects
@: unable to hop, glowing, drained, slow
A: amphibious, slowness 1, strong legs 1, +LOS
a: Hop, Renounce Religion, Divine Shield, Cleansing Flame


You were on level 7 of the Dungeon.
You worshipped the Shining One.
The Shining One was greatly pleased with you.
You visited 2 branches of the dungeon, and saw 8 of its levels.
You also visited: Ossuary.

You collected 408 gold pieces.
You spent 402 gold pieces at shops.

Inventory:

Hand Weapons
 a - a +0 falchion (weapon)
Missiles
 f - 17 poisoned darts (quivered)
 G - a curare-tipped dart
Armour
 d - an orb of light (worn)
 u - a +0 chain mail
 y - a +0 helmet (worn)
 E - a +0 scale mail of poison resistance (worn)
Jewellery
 r - a ring of willpower (left hand)
Wands
 l - a wand of digging (7)
 D - a wand of roots (2)
Scrolls
 g - 3 scrolls of blinking
 h - 2 scrolls of amnesia
 i - 4 scrolls of teleportation
 m - a scroll of fog
 n - a scroll of immolation
 s - 2 scrolls of brand weapon
 t - 4 scrolls of fear
 v - 3 scrolls of magic mapping
 B - 3 scrolls of poison
 C - 2 scrolls of enchant armour
 F - a scroll of vulnerability
Potions
 b - 4 potions of curing
 c - a potion of ambrosia
 e - a potion of might {unknown}
 j - a potion of cancellation {unknown}
 o - 3 potions of degeneration {unknown}
 p - 4 potions of berserk rage
 q - 3 potions of lignification {unknown}
 w - 2 potions of heal wounds {unknown}
 x - 2 potions of flight {unknown}
 z - a potion of mutation {unknown}
 A - a potion of invisibility


   Skills:
 * Level 8.8 Fighting
 * Level 8.8 Long Blades
 - Level 3.1 Throwing
 + Level 7.6 Armour
 - Level 3.2 Dodging
 + Level 0.9 Shields
 + Level 2.1 Invocations


You had 8 spell levels left.
You didn't know any spells.
Your spell library was empty.

Dungeon Overview and Level Annotations

Branches:
Dungeon (7/15)             Temple (1/1) D:5         Ossuary (visited)

Altars:
Cheibriados
Nemelex Xobeh
Okawaru
Qazlal
Vehumet
Xom
The Shining One

Shops:
D:2 (   D:5 ?*   D:6 ?

Annotations:
D:7 Maggie


Innate Abilities, Weirdness & Mutations

You are amphibious.
You cover ground slowly.
You can hop short distances.
You have an extended range of vision and can be seen from far away.


Message History

You hit the wight but do no damage.
The wight is severely damaged.
The wight barely misses you.
The wight hits you with a +0 long sword!
You partially resist.
You feel drained.
You hit the wight.
The wight is almost destroyed.
The wight closely misses you. The wight barely misses you.
You hit the wight but do no damage.
The wight is almost destroyed.
The wight closely misses you. The wight barely misses you.
You barely miss the wight.
The wight is almost destroyed.
The wight closely misses you.
The wight hits you with a +0 long sword.
You hit the wight but do no damage.
The wight is almost destroyed.
The wight hits you with a +0 great sword!
* * * LOW HITPOINT WARNING * * *
You partially resist.
You feel drained.
* * * LOW HITPOINT WARNING * * *
The wight hits you with a +0 long sword!
* * * LOW HITPOINT WARNING * * *
You hit the wight.
The wight is almost destroyed.
The wight barely misses you.
The wight hits you with a +0 long sword!
* * * LOW HITPOINT WARNING * * *
You hit the wight but do no damage.
The wight is almost destroyed.
You are ready to hop once more.
The wight closely misses you. The wight misses you.
Hop to where?
Press: ? - help, Dir - move target Maggie the Vainglorious comes into view.
She is wielding a +2 scimitar of flaming.
Boing!
Maggie shouts!
Maggie gestures at you while chanting. The bolt of fire hits you!
You die...

..................
.#.#.#........##.
.......##......#
.#.#.#.##.)##.##
........##z####
.#.#.#...#z.#
...... #..z.#
....## #...## ...#
#@..# #..........
##.........
..........
...........
..........#
.###..@...# ..
......# .. ......#


You could see Maggie and 3 wights.

Vanquished Creatures
  2 water moccasins
  2 ice beasts
  A sky beast (D:6)
  A black bear (D:4)
  4 ogres
  A phantom (D:5)
  3 elf zombies (Ossuary)
  A kobold brigand (D:6)
  A water moccasin skeleton (D:5)
  4 centaur zombies (Ossuary)
  A jelly (D:6)
  2 bullfrog skeletons (D:5)
  2 hounds
  3 orc priests (D:6)
  2 centaur skeletons (D:5)
  5 human zombies (Ossuary)
  A sleepcap (D:6)
  2 iguanas
  2 scorpion zombies (D:5)
  4 orc wizards
  Ijyb (D:5)
  A hound zombie (D:5)
  3 mummies (Ossuary)
  A howler monkey zombie (D:5)
  Robin (D:4)
  4 adders
  An ufetubus (D:5)
  An adder zombie (D:5)
  2 worms
  A dart slug (D:4)
  13 orcs
  6 ball pythons
  8 endoplasms
  5 giant cockroaches
  10 goblins
  7 hobgoblins
  2 jackals (D:2)
  14 kobolds
  3 quokkas
  4 bats
  A frilled lizard (D:1)
  8 rats
141 creatures vanquished.

Notes
Turn   | Place    | Note
-------+----------+-------------------------------------------
     0 | D:1      | jagang the Barachi Monk began the quest for the Orb.
     0 | D:1      | Reached XP level 1. HP: 18/18 MP: 1/1
   201 | D:1      | Reached skill level 1 in Armour
   201 | D:1      | Reached XP level 2. HP: 24/25 MP: 2/2
   574 | D:1      | Reached XP level 3. HP: 25/30 MP: 3/3
   900 | D:2      | Identified the +1 leather armour of Wamivife {rPois rN++
                  | Int+3 Slay-5}
  1069 | D:2      | Identified the +0 scale mail of Yesterday {Int+4}
  1111 | D:2      | Found Goerui's Antique Weapon Emporium.
  1743 | D:3      | Reached XP level 4. HP: 36/38 MP: 4/4
  2211 | D:4      | Noticed a black bear
  2226 | D:4      | Killed a black bear
  2227 | D:4      | Reached skill level 5 in Fighting
  2227 | D:4      | Reached skill level 5 in Long Blades
  2227 | D:4      | Reached XP level 5. HP: 30/44 MP: 5/5
  2426 | D:4      | Noticed a water moccasin
  2468 | D:4      | Killed a water moccasin
  2469 | D:4      | Reached skill level 1 in Throwing
  2469 | D:4      | Reached XP level 6. HP: 41/51 MP: 6/6
  3101 | D:4      | Noticed Robin
  3116 | D:4      | Killed Robin
  3261 | D:5      | Entered Level 5 of the Dungeon
  3313 | D:5      | Found a staircase to the Ecumenical Temple.
  3322 | Temple   | Entered the Ecumenical Temple
  3404 | Temple   | Became a worshipper of the Shining One
  3404 | Temple   | Reached * piety under the Shining One
  3404 | Temple   | Reached ** piety under the Shining One
  3472 | D:5      | Reached XP level 7. HP: 11/57 MP: 7/7
  3502 | D:5      | Found Leizyj's Assorted Antiques.
  3599 | D:5      | Found a sand-covered staircase.
  3606 | Ossuary  | Entered an ossuary
  3719 | Ossuary  | Reached skill level 5 in Armour
  3846 | Ossuary  | Reached *** piety under the Shining One
  3859 | Ossuary  | Reached XP level 8. HP: 58/65 MP: 8/8
  4081 | D:5      | Noticed Ijyb
  4205 | D:5      | Killed Ijyb
  4695 | D:5      | Reached skill level 1 in Invocations
  4808 | D:5      | Bought a scroll labelled DYBAOFUGUO for 34 gold pieces
  4808 | D:5      | Bought a scroll labelled WIUSUU ROCIRANN for 34 gold pieces
  4808 | D:5      | Bought a scroll labelled YMUIGY EJIE for 34 gold pieces
  4963 | D:5      | Found Zuonnomedeu's Magic Scroll Boutique.
  4975 | D:5      | Bought a scroll of blinking for 97 gold pieces
  4975 | D:5      | Bought a scroll of identify for 26 gold pieces
  4975 | D:5      | Bought a scroll of teleportation for 39 gold pieces
  4975 | D:5      | Bought a scroll of identify for 26 gold pieces
  5092 | D:6      | Reached XP level 9. HP: 69/74 MP: 9/9
  5218 | D:6      | Reached **** piety under the Shining One
  5767 | D:6      | Found Deki's Magic Scroll Shop.
  5907 | D:6      | Bought a scroll of enchant armour for 112 gold pieces
  6054 | D:7      | Noticed Maggie
  6054 | D:7      | Killed from afar by Maggie

Illustrated notes

Levels and vault maps discovered:
D:1:      ncdulo_wetmaze, layout_loops_cross, minmay_tiny_reverse_x
D:2:      layout_basic, serial_shops, nicolae_diamond_shop
D:3:      layout_basic, minivault_4
D:4:      layout_basic, serial_curves, eino_curves_04, eino_curves_03,
          uniq_robin
D:5:      layout_loops_ring, temple_pool_b, serial_shops,
          nicolae_shop_pleasant_corner_grove, shop, serial_undead,
          serial_undead_d, serial_undead_c, serial_undead_f, serial_undead_f,
          chequers_ossuary_entry_cave, uniq_ijyb
D:6:      layout_basic, kennysheep_small_circle
D:7:      layout_cave_pools, serial_glass, glass_columns_c, glass_columns_c,
          serial_shops, shop, enter_bailey_4, uniq_maggie
Temple:   mainiacjoe_temple_big_plus

Skill      XL: |  1  2  3  4  5  6  7  8  9 |
---------------+----------------------------+-----
Armour         | 1 2 3 4 5 7 |  7.6
Fighting       | 4 5 6 8 |  8.8
Long Blades    | 4 5 6 8 |  8.8
Throwing       | 1 2 3 |  3.1
Invocations    | 1 2 |  2.1
Dodging        | |  3.2
Shields        | |  0.9

Action                     |  1- 3 |  4- 6 |  7- 9 || total
---------------------------+-------+-------+-------++-------
  Melee: Falchion          |    97 |   122 |   455 ||   674
  Throw: Dart              |       |    19 |    22 ||    41
 Invoke: Divine Shield     |       |       |     1 ||     1
Ability: Hop               |       |     2 |     4 ||     6
    Use: Scroll            |       |       |    10 ||    10
 Armour: Robe              |     2 |       |       ||     2
         Scale mail        |    24 |       |    90 ||   114
         Chain mail        |     7 |    78 |    92 ||   177
  Dodge: Dodged            |    65 |    48 |   181 ||   294
  Block: Orb               |       |       |     7 ||     7
